 Dungeon Crawl Stone Soup version 0.28-a0-8-g6e044cfa68 (webtiles) character file.

Game seed: 15970383993164698481

396 lagrange the Slasher (level 6, 0/56 HPs)
             Began as a Minotaur Berserker on July 23, 2021.
             Was a Priest of Trog.
             Slain by an ogre (22 damage)
             ... on level 4 of the Dungeon.
             The game lasted 00:08:09 (3903 turns).

lagrange the Slasher (Minotaur Berserker)           Turns: 3903, Time: 00:08:10

Health: 0/56       AC:  5    Str: 23    XL:     6   Next: 52%
Magic:  5/5        EV: 11    Int:  4    God:    Trog [***...]
Gold:   202        SH:  0    Dex: 10    Spells: 5/5 levels left

rFire   . . .      SeeInvis .   a - +0 falchion
rCold   . . .      Faith    .   (no shield)
rNeg    . . .      Spirit   .   g - +0 ring mail
rPois   .          Reflect  .   (helmet restricted)
rElec   .          Harm     .   (no cloak)
rCorr   .          Rampage  .   (no gloves)
Will    .....                   (no boots)
Stlth   +.........              (no amulet)
HPRegen 0.18/turn               (no ring)
MPRegen 0.09/turn               (no ring)

@: no status effects
A: horns 2, retaliatory headbutt
a: Renounce Religion, Berserk, Trog's Hand


You were on level 4 of the Dungeon.
You worshipped Trog.
Trog was most pleased with you.
You visited 1 branch of the dungeon, and saw 4 of its levels.

You collected 202 gold pieces.

Inventory:

Hand Weapons
 a - a +0 falchion (weapon)
Armour
 b - a +0 animal skin
 g - a +0 ring mail (worn)
Scrolls
 d - a scroll of identify
 e - a scroll of teleportation {unknown}
 f - a scroll of fog {unknown}
 i - a scroll of holy word {unknown}
 j - a scroll of enchant weapon {unknown}
 l - a scroll of immolation {unknown}
Potions
 c - 2 potions of haste
 h - a potion of curing
 n - a potion of ambrosia
 o - a potion of degeneration {unknown}


   Skills:
 + Level 5.0 Fighting
 + Level 6.4 Long Blades
 + Level 1.4 Throwing
 + Level 4.0 Armour
 + Level 3.4 Dodging
 - Level 0.2 Stealth


You had 5 spell levels left.
You didn't know any spells.
Your spell library was empty.

Dungeon Overview and Level Annotations

Branches:
Dungeon (4/15)
 Temple: D:4-7

Altars:
Dithmenos

Annotations:
D:4 indyram44's ghost, amateur DsFi


Innate Abilities, Weirdness & Mutations

You have a pair of horns on your head.
You reflexively headbutt those who attack you in melee.


Message History

Aim: an ogre, wielding a +0 giant spiked club (73% to hit)
You throw a poisoned dart. The poisoned dart hits the ogre.
The ogre is poisoned.
Throw: 2 darts (poison)
Press: ? - help, Q - select action, (/) - cycle Shift-Dir - straight line, f/p - ogre
Aim: an ogre, wielding a +0 giant spiked club (poisoned, 73% to hit)
You throw a poisoned dart. The poisoned dart hits the ogre.
The ogre looks even sicker.
Throw: dart (poison)
Press: ? - help, Q - select action, (/) - cycle Shift-Dir - straight line, f/p - ogre
Aim: an ogre, wielding a +0 giant spiked club (lightly wounded, very poisoned, 73% to hit)
You throw a poisoned dart. The poisoned dart hits the ogre.
The ogre looks even sicker.
The ogre is lightly wounded.
Throw: 2 throwing nets
Press: ? - help, Q - select action, (/) - cycle Shift-Dir - straight line, f/p - ogre
Aim: an ogre, wielding a +0 giant spiked club (lightly wounded, very poisoned, 73% to hit)
You throw a throwing net.
The throwing net barely misses the ogre.
Throw: throwing net
Press: ? - help, Q - select action, (/) - cycle Shift-Dir - straight line, f/p - ogre
Aim: an ogre, wielding a +0 giant spiked club (lightly wounded, very poisoned, 73% to hit)
You throw a throwing net.
The throwing net completely misses the ogre.
The ogre hits you with a +0 giant spiked club.
You hit the ogre.
The ogre is moderately wounded.
The ogre misses you.
You barely miss the ogre.
The ogre is moderately wounded.
The ogre hits you with a +0 giant spiked club!!
You slash the ogre!
The ogre is severely wounded.
The ogre hits you with a +0 giant spiked club!
You hit the ogre.
The ogre is almost dead.
You hit the ogre.
The ogre is almost dead.
The ogre hits you with a +0 giant spiked club!!
You die...

.......#.# ##..###©####.......
#...#.##.# ##...........#..#
....#.##.# #..(#.###......#
#...#.##.#####.(.#......>...#
#..............<............##
..............................
#.###.#.#.............<...####
#.###.#.######..O###.#.......#
#.##..#.# #..@# #.)).......
#.##.##.# #...# ###.##.##.#
..##.##.# #...# #.# ... #
........# #...# #.# ##.#
.....#### ##.## #.# # .#####
#.# #.. .# ##.######## .#
#.......# ## #######.###†#.#


You could see an ogre (very poisoned).

Vanquished Creatures
  An orc priest (D:3)
  A jelly (D:4)
  Jessica (D:3)
  Natasha (thrice) (D:3)
  2 hound skeletons (D:4)
  7 gnolls
  5 adders
  An adder skeleton (D:4)
  3 worms
  A dart slug (D:4)
  8 orcs
  6 ball pythons
  4 endoplasms
  6 giant cockroaches
  7 goblins
  5 hobgoblins
  4 jackals (D:4)
  4 quokkas
  2 bats (D:1)
  3 frilled lizards
  7 kobolds
  A quokka skeleton (D:4)
  3 rats
85 creatures vanquished.

Notes
Turn   | Place    | Note
-------+----------+-------------------------------------------
     0 | D:1      | lagrange the Minotaur Berserker began the quest for the
                  | Orb.
     0 | D:1      | Reached XP level 1. HP: 19/19 MP: 0/0
   180 | D:1      | Reached skill level 4 in Long Blades
   222 | D:1      | Reached XP level 2. HP: 27/27 MP: 1/1
   727 | D:1      | Found a faded altar of an unknown god.
   838 | D:1      | Reached ** piety under Trog
  1400 | D:2      | Reached XP level 3. HP: 19/33 MP: 2/2
  2522 | D:3      | Reached skill level 5 in Long Blades
  2522 | D:3      | Reached XP level 4. HP: 37/41 MP: 3/3
  2674 | D:3      | Noticed Jessica
  2683 | D:3      | Killed Jessica
  2694 | D:3      | Reached XP level 5. HP: 47/47 MP: 4/4
  2964 | D:3      | Noticed Natasha
  2973 | D:3      | Killed Natasha
  2974 | D:3      | Reached skill level 6 in Long Blades
  3052 | D:3      | Found a shadowy altar of Dithmenos.
  3168 | D:3      | Noticed Natasha
  3177 | D:3      | Killed Natasha
  3178 | D:3      | Reached skill level 1 in Throwing
  3178 | D:3      | Reached XP level 6. HP: 31/55 MP: 5/5
  3393 | D:3      | Noticed Natasha
  3397 | D:3      | Killed Natasha
  3441 | D:4      | Noticed indyram44's ghost (amateur DsFi)
  3444 | D:4      | Reached skill level 5 in Fighting
  3845 | D:4      | Reached *** piety under Trog
  3903 | D:4      | Slain by an ogre

Illustrated notes

Levels and vault maps discovered:
D:1:      co_arrival_random_square_maze, layout_basic,
          ebering_ecumenical_altar_hall, minmay_misc_feat_pillars,
          feat_on_display
D:2:      layout_loops_corners, st_stairs_6, minmay_misc_feat_nine_boxes,
          minmay_tree_intersection
D:3:      layout_loops_ring, nicolae_dithmenos_through_a_glass_darkly,
          uniq_natasha, uniq_jessica
D:4:      layout_loops_cross, gammafunk_ghost_stat_death, kennysheep_diamond

Skill      XL: |  1  2  3  4  5  6 |
---------------+-------------------+-----
Long Blades    | 4 5 6 |  6.4
Fighting       | 4 5 |  5.0
Armour         | 3 4 |  4.0
Dodging        | 3 |  3.4
Throwing       | 1 |  1.4
Stealth        | |  0.2

Action                   |  1- 3 |  4- 6 || total
-------------------------+-------+-------++-------
Melee: Falchion          |    55 |   112 ||   167
       Headbutt          |     8 |    24 ||    32
Throw: Dart              |     2 |    10 ||    12
       Throwing net      |       |     2 ||     2
Invok: Berserk           |     2 |     1 ||     3
       Trog's Hand       |       |     2 ||     2
  Use: Scroll            |       |     2 ||     2
Armor: Animal skin       |     6 |       ||     6
       Ring mail         |     8 |    25 ||    33
Dodge: Dodged            |    30 |    61 ||    91
       Rpst.: Falchion   |    10 |    24 ||    34

Table legend: (Time is in decaauts)
 A = Elapsed time spent in this place.
 B = Non-inter-level travel time spent in this place.
 C = Inter-level travel time spent in this place.
 D = Time resting spent in this place.
 E = Time spent auto-exploring this place.
 F = Levels seen in this place.
 G = Mean time per level.
                   A        B        C        D        E       F      G
               +--------+--------+--------+--------+--------+-----+--------+
         Total |   3932 |   3803 |    129 |    394 |   2746 |   4 |  983.0 |
       Dungeon |   3932 |   3803 |    129 |    394 |   2746 |   4 |  983.0 |
               +--------+--------+--------+--------+--------+-----+--------+

Top non-repeatable levels by time:
     D:1: 1226 daAuts
     D:2: 1180 daAuts
     D:3: 1028 daAuts
     D:4: 497 daAuts
